 Dungeon Crawl Stone Soup version 0.23.2-1-ga50397a6bc (webtiles) character file.

Game seed: 8949088627647650011

544512 Lennu the Hoplite (level 25, -6/206 HPs)
             Began as a Demonspawn Fighter on Apr 20, 2019.
             Was a High Priest of Qazlal.
             Killed from afar by a titan (13 damage)
             ... with a bolt of lightning
             ... on level 5 of the Vaults on Apr 24, 2019.
             The game lasted 06:29:29 (55948 turns).

Lennu the Hoplite (Demonspawn Fighter)             Turns: 55948, Time: 06:29:30

Health: -6/206     AC: 36    Str: 26    XL:     25   Next: 36%
Magic:  36/36      EV: 19    Int: 12    God:    Qazlal [*****.]
Gold:   2488       SH:  0    Dex: 21    Spells: 24/24 levels left

rFire    + . .     SeeInvis +   q - +9 demon blade (slice)
rCold    + + .     Gourm    .   c - +1 shield
rNeg     . . .     Faith    .   p - +5 storm dragon scales {Bai Suzhen}
rPois    +         Spirit   .   d - +2 helmet {SInv}
rElec    +         Reflect  +   N - +2 cloak {rC+}
rCorr    .         Harm     .   u - +0 pair of gloves of the Stag {rC+ Dex-2 Slay+3 Stlth+}
MR       ++...     Clarity  +   (boots unavailable)
Stlth    ..........             G - amulet "Zasih" {Reflect Fragile Dex+6 SH+3}
HPRegen  0.44/turn              Y - ring "Qeucrov" {+Fly rPois Str+2 Stlth+}
MPRegen  0.25/turn              O - ring of protection from magic

@: confused, protected from electricity, lightly drained, repel missiles
A: talons 3, iridescent scales 3, clarity, clever 1, demonic guardian 3, fire
resistance 1, hurl damnation, poison resistance, screaming 1, spiny 3, flame
cloud immunity
}: 2/15 runes: serpentine, barnacled
a: Hurl Damnation, Upheaval, Elemental Force, Disaster Area, Renounce Religion,
Evoke Flight


You were on level 5 of the Vaults.
You worshipped Qazlal.
Qazlal was extremely pleased with you.
You were not hungry.

You visited 9 branches of the dungeon, and saw 45 of its levels.
You visited 1 bazaar.
You also visited: Trove, Ice Cave and Wizlab.

You collected 6043 gold pieces.
You spent 3555 gold pieces at shops.

Inventory:

Hand Weapons
 e - the +10 morningstar of the Dwarven Hall {pain, Str+4 Stlth+}
   (You found it on level 4 of the Shoals)

   In the hands of one skilled in necromantic magic, it inflicts extra damage on
   living creatures.
   It affects your strength (+4).
   It makes you more stealthy.
 q - a +9 demon blade of slicing (weapon)
 y - the +7 long sword of the Fool {drain, MR+ Dex+3}
   (You found it in a treasure trove)

   A truly terrible weapon, it drains the life of those it strikes.
   It affects your dexterity (+3).
   It affects your resistance to hostile enchantments.
 H - the +8 falchion of Gluttony {freeze, Int+6 Dex+7}
   (You found it on level 9 of the Dungeon)

   It has been specially enchanted to freeze those struck by it, causing extra
   injury to most foes and up to half again as much damage against particularly
   susceptible opponents.
   It can also slow down cold-blooded creatures.
   It affects your intelligence (+6).
   It affects your dexterity (+7).
Armour
 c - a +1 shield (worn)
 d - a +2 helmet of see invisible (worn)
 p - +5 storm dragon scales (worn) {Bai Suzhen}
 r - a +0 large shield
 u - the +0 pair of gloves of the Stag (worn) {rC+ Dex-2 Slay+3 Stlth+}
   (You found it in an ice cave)

   It affects your dexterity (-2).
   It affects your accuracy and damage with ranged weapons and melee attacks
   (+3).
   It protects you from cold.
   It makes you more stealthy.
 C - the +2 faerie dragon scales {rPois rCorr Str+3}
   (You took it off the Enchantress on level 2 of the Depths)

   It affects your strength (+3).
   It protects you from poison.
   It provides partial protection from all sources of acid and corrosion.
 F - +0 gold dragon scales
 N - a +2 cloak of cold resistance (worn)
 S - a +5 chain mail of poison resistance
Jewellery
 g - an uncursed ring of protection from cold
 A - an uncursed ring of positive energy
 G - the amulet "Zasih" (around neck) {Reflect Fragile Dex+6 SH+3}
   (You found it on level 1 of the Elven Halls)

   [amulet of reflection]

   It shields you and reflects attacks.
   It affects your dexterity (+6).
   It will be destroyed if unequipped.
   It affects your SH (+3).
 K - an uncursed amulet of faith
 O - a ring of protection from magic (right hand)
 P - an uncursed ring of protection from fire
 Y - the ring "Qeucrov" (left hand) {+Fly rPois Str+2 Stlth+}
   (You bought it in a shop on level 2 of the Snake Pit)

   [ring of flight]

   It affects your strength (+2).
   It protects you from poison.
   It lets you fly.
   It makes you more stealthy.
 Z - the amulet of Vanity {Regen+ Str+2 Int-2 Dex+4 Slay+3}
   (You found it in a wizard's laboratory)

   [amulet of regeneration]

   It affects your strength (+2).
   It affects your intelligence (-2).
   It affects your dexterity (+4).
   It affects your accuracy and damage with ranged weapons and melee attacks
   (+3).
   It increases your rate of regeneration.
Scrolls
 b - 2 scrolls of silence
 h - 8 scrolls of magic mapping
 i - 21 scrolls of teleportation
 k - 14 scrolls of remove curse
 l - 2 scrolls of brand weapon
 m - 8 scrolls of fog
 s - a scroll of summoning
 t - 5 scrolls of blinking
 z - 9 scrolls of fear
 I - 8 scrolls of amnesia
 M - 12 scrolls of identify
 T - 13 scrolls of enchant weapon
 U - 2 scrolls of torment
Potions
 j - 4 potions of agility
 n - 5 potions of berserk rage
 o - a potion of ambrosia
 v - 5 potions of curing
 w - 9 potions of brilliance
 x - 2 potions of haste
 B - 4 potions of flight
 D - a potion of resistance
 E - 2 potions of magic
 J - 3 potions of invisibility
 L - 3 potions of might
 V - a potion of cancellation
Comestibles
 f - 52 rations
 Q - 3 chunks of flesh


   Skills:
 * Level 18.7(18.5) Fighting
 * Level 19.2(19.0) Long Blades
 * Level 15.1(14.9) Armour
 * Level 14.1(13.9) Dodging
 * Level 22.4(22.2) Shields
 * Level 18.9(18.7) Invocations


You had 24 spell levels left.
You didn't know any spells.
Your spell library contained the following spells:

 Spells                   Type           Power        Failure   Level  Hunger
 Animate Skeleton         Necr           N/A          77%         1    ##.....
 Apportation              Tloc           #.....       77%         1    ##.....
 Beastly Appendage        Tmut           #.....       77%         1    ##.....
 Confusing Touch          Hex            #.....       77%         1    ##.....
 Corona                   Hex            #......      77%         1    ##.....
 Magic Dart               Conj           #...         77%         1    ##.....
 Summon Small Mammal      Summ           #...         77%         1    ##.....
 Blink                    Tloc           N/A          88%         2    ###....
 Call Imp                 Summ           #.......     88%         2    ###....
 Passwall                 Tmut/Erth      #.......     88%         2    ###....
 Searing Ray              Conj           #.....       88%         2    ###....
 Slow                     Hex            #.......     88%         2    ###....
 Sticks to Snakes         Tmut           #.......     88%         2    ###....
 Swiftness                Chrm/Air       #.......     88%         2    ###....
 Conjure Flame            Conj/Fire      #.......     98%         3    ####...
 Dazzling Spray           Conj/Hex       #.....       98%         3    ####...
 Gell's Gravitas          Tloc           #.........   98%         3    ####...
 Ignite Poison            Fire/Tmut/Pois #.......     98%         3    ####...
 Inner Flame              Hex/Fire       #.......     98%         3    ####...
 Mephitic Cloud           Conj/Pois/Air  #.......     98%         3    ####...
 Portal Projectile        Hex/Tloc       #.....       98%         3    ####...
 Recall                   Summ/Tloc      N/A          98%         3    ####...
 Spider Form              Tmut/Pois      #.........   98%         3    ####...
 Static Discharge         Conj/Air       #.......     98%         3    ####...
 Animate Dead             Necr           N/A          100%        4    #####..
 Cause Fear               Hex            #.........   100%        4    #####..
 Force Lance              Conj/Tloc      #.......     100%        4    #####..
 Fulminant Prism          Conj/Hex       #.........   100%        4    #####..
 Ice Form                 Ice/Tmut       #.......     100%        4    #####..
 Iskenderun's Mystic Bla  Conj           #.......     100%        4    #####..
 Leda's Liquefaction      Hex/Erth       #.........   100%        4    #####..
 Passage of Golubria      Tloc           N/A          100%        4    #####..
 Summon Lightning Spire   Summ/Air       #.......     100%        4    #####..
 Blade Hands              Tmut           #.........   100%        5    ######.
 Borgnjor's Vile Clutch   Necr/Erth      #.........   100%        5    ######.
 Irradiate                Conj/Tmut      #.........   100%        5    ######.
 Lee's Rapid Deconstruct  Erth           #.........   100%        5    ######.
 Lightning Bolt           Conj/Air       #.........   100%        5    ######.
 Metabolic Englaciation   Hex/Ice        #.........   100%        5    ######.
 Silence                  Hex/Air        #.........   100%        5    ######.
 Venom Bolt               Conj/Pois      #.........   100%        5    ######.
 Bolt of Cold             Conj/Ice       #.........   100%        6    #######
 Conjure Ball Lightning   Conj/Air       #.........   100%        6    #######
 Darkness                 Hex            #.........   100%        6    #######
 Death Channel            Necr           #.........   100%        6    #######
 Deflect Missiles         Chrm/Air       #.........   100%        6    #######
 Dispersal                Tloc           #.........   100%        6    #######
 Freezing Cloud           Conj/Ice/Air   #.........   100%        6    #######
 Hydra Form               Tmut           #.........   100%        6    #######
 Invisibility             Hex            #.......     100%        6    #######
 Ozocubu's Refrigeration  Ice            #.........   100%        6    #######
 Simulacrum               Ice/Necr       #.........   100%        6    #######
 Statue Form              Tmut/Erth      #........    100%        6    #######
 Dragon Form              Tmut           #.........   100%        7    #######
 Haunt                    Necr/Summ      #.........   100%        7    #######
 Borgnjor's Revivificati  Necr           #.........   100%        8    #######
 Controlled Blink         Tloc           N/A          100%        8    #######
 Death's Door             Chrm/Necr      #.........   100%        8    #######
 Disjunction              Tloc           #.........   100%        8    #######
 Infestation              Necr           #.........   100%        8    #######
 Necromutation            Tmut/Necr      #.........   100%        8    #######
 Tornado                  Air            #.........   100%        9    #######


Dungeon Overview and Level Annotations

Branches:
Dungeon (15/15)            Temple (0/1) D:6            Lair (6/6) D:8
 Shoals (4/4) Lair:3        Snake (4/4) Lair:4        Slime (0/5) Lair:6
    Orc (2/2) D:11            Elf (3/3) Orc:2        Vaults (5/5) D:13
  Crypt (0/3) Vaults:2     Depths (5/5) D:15           Hell (1/1)
    Zot (0/5) Depths:5
    Dis: Hell:1         Geh: Hell:1         Coc: Hell:1         Tar: Hell:1

Altars:
Ashenzari
Cheibriados
Dithmenos
Gozag
Hepliaklqana
Kikubaaqudgha
Makhleb
Okawaru
Qazlal
Ru
Sif Muna
Trog
Uskayaw
Vehumet
Xom
Yredelemnul
Zin
The Shining One
Beogh
Jiyva

Shops:
D:5 *   Orc:2 ((:!   Elf:1 (   Elf:2 [:   Shoals:3 [   Snake:2 :(=?
Vaults:1 !   Vaults:3 (   Vaults:4 :   Depths:3 (   Depths:5 !}!?

Portals:
Hell: Depths:1 Depths:2 Depths:3 Depths:4 Depths:5
Abyss: Depths:1 Depths:2 Depths:4 Depths:5
Pandemonium: Depths:1 Depths:3
Ziggurat: Depths:3

Annotations:
Hell Geryon


Innate Abilities, Weirdness & Mutations

You have claws for feet.
You are completely covered in iridescent scales. (AC +6)
A powerful demonic guardian rushes to your aid.
Your flesh is heat resistant. (rF+)
You can hurl damnation.
You are completely covered in sharp spines.
You are immune to clouds of flame.
You possess an exceptional clarity of mind.
Your mind is acute. (Int +2)
Your system is resistant to poisons. (rPois)
You occasionally shout uncontrollably at your foes.


Message History

You hear a shout!
The yaktaur captain hits you but does no damage.
You hear a shout!
You bump into the heavily etched metal wall.
You hear two shouts!
The yaktaur captain is struck by your spines.
You kill the yaktaur captain!
Qazlal accepts your kill.
You bump into the heavily etched metal wall.
You hear a shout!
The titan barely misses you.
You bump into the heavily etched metal wall.
The titan is struck by your spines. The titan hits you!!
* * * LOW HITPOINT WARNING * * *
You carve the titan like a ham!!! You claw the titan.
The titan is almost dead.
The titan gestures at you while chanting.
The bolt of lightning hits you! You resist.
You feel protected from electricity.
You die...

###......(.#####
......<<))C.....
..o..<.≈<.oCo...
...(..<<)(y≈....
...))≈≈≈≈≈≈≈....
###)..)!≈≈≈########
#.....D≈))#c#)#)#
+##...)#)#(#C#)#
#...)##D#)#@#.#
#W...#.#C######
##c## #≈# ##


You could see a titan and a yaktaur.

Vanquished Creatures
  Sojobo (Depths:1)
  Bai Suzhen (Vaults:3)
  Margery (Depths:5)
  A caustic shrike (Depths:4)
  2 golden dragons
  the Enchantress (Depths:2)
  2 Ice Fiends (IceCv)
  A tentacled monstrosity (Vaults:5)
  6 deep elf blademasters
  3 liches
  Jorgrun (Orc:1)
  Asterion (Vaults:1)
  A moon troll (WizLab)
  A quicksilver dragon (WizLab)
  2 deep elf master archers
  4 sphinxes
  A kraken (Shoals:4)
  Kirke (D:12)
  3 titans
  5 tengu reavers
  5 storm dragons
  9 tentacled starspawn (WizLab)
  Roxanne (Snake:2)
  9 nagarajas
  2 shadow dragons (Vaults:5)
  Ilsuiw (Shoals:2)
  7 fire giants
  8 frost giants
  A draconian scorcher (Depths:5)
  A draconian knight (Depths:5)
  2 cacodemons (WizLab)
  A deep elf elementalist (Elf:1)
  3 iron dragons
  An emperor scorpion (Depths:2)
  An orc warlord (Vaults:4)
  7 deep elf sorcerers
  A draconian stormcaller (Depths:5)
  12 vault wardens
  11 ironheart preservers
  A spriggan defender (Depths:2)
  17 stone giants
  The ghost of OmG the Stormcaller, a journeyman TeMo of Wu Jian (Elf:1)
  3 war gargoyles
  23 very ugly things
  2 entropy weavers (Lair:5)
  6 caustic shrike skeletons (Depths:2)
  3 vampire knights
  6 deep elf demonologists
  Nessos (Orc:2)
  Azrael (D:12)
  A lorocyproca (Depths:1)
  3 white draconians (Depths:5)
  A dire elephant (Lair:6)
  3 yellow draconians (Depths:5)
  9 ettins
  6 spark wasps
  8 deep elf annihilators
  An eidolon (Vaults:2)
  The ghost of u8823 the Black Belt, a journeyman OpBe of Trog (D:13)
  Snorg (Orc:2)
  8 deep elf death magi
  Josephine (D:13)
  4 merfolk javelineers
  17 yaktaur captains
  9 fire dragons
  10 merfolk impalers
  5 deep elf high priests
  29 vault guards
  4 hydras
  A catoblepas (Lair:6)
  Harold (D:7)
  6 great orbs of eyes
  An ice dragon (shapeshifter) (Depths:5)
  6 rakshasas
  12 naga warriors
  12 ogre magi
  11 ice dragons
  20 anacondas
  5 spriggan air magi
  A hell beast (Depths:3)
  8 centaur warriors
  3 merfolk avatars (Shoals:4)
  4 death knights
  A queen ant (Lair:5)
  28 two-headed ogres
  27 dancing weapons
  4 deep troll shamans
  4 merfolk aquamancers (Shoals:4)
  5 tengu warriors
  A satyr (Shoals:4)
  9 death yaks
  6 orc high priests (Orc:2)
  Urug (D:13)
  7 deep troll earth magi
  8 hell knights
  7 spriggan berserkers
  Nergalle (Lair:2)
  17 naga sharpshooters
  7 shock serpents
  29 deep elf knights
  Sonja (D:13)
  A small abomination (Elf:1)
  4 skeletal warriors (Vaults:2)
  2 shadow wraiths
  A wretched star (WizLab)
  A salamander mystic (Snake:3)
  2 sixfirhies
  9 iron trolls
  An orange crystal statue (WizLab)
  An unseen horror (shapeshifter) (Depths:5)
  11 deep trolls
  6 wizards
  6 glowing orange brains
  7 spriggan druids (Depths:2)
  12 sea snakes
  A kraken simulacrum (Shoals:4)
  25 deep elf archers
  6 flayed ghosts
  2 obsidian statues (Depths:3)
  8 naga ritualists
  2 phantasmal warriors
  A harpy (shapeshifter) (Vaults:1)
  16 ironbrand convokers
  16 harpies
  6 mana vipers
  14 orc knights
  85 deep elf magi
  5 wolf spiders
  4 necromancers
  A wolf spider zombie (D:7)
  Pikel (D:8)
  34 ugly things
  8 fauns
  2 orc sorcerers
  A shadow dragon skeleton (Vaults:4)
  15 manticores
  10 cyclopes
  15 salamanders
  6 elephants
  5 centaur zombies
  3 moths of wrath (Elf:1)
  A fire giant skeleton (Vaults:4)
  4 rust devils (Depths:3)
  13 merfolk sirens
  16 guardian serpents
  Psyche (D:8)
  13 vault sentinels
  An eye of devastation (WizLab)
  7 water nymphs
  31 black mambas
  4 orange demons (Depths:3)
  3 smoke demons (Depths:3)
  A torpor snail (Lair:5)
  24 naga magi
  6 spiny frogs
  2 rime drakes
  2 ice statues (IceCv)
  4 komodo dragons
  An efreet (D:15)
  7 freezing wraiths
  27 yaktaurs
  7 tengu conjurers
  15 ice devils
  A starcursed mass (WizLab)
  3 merfolk (shapeshifter)
  A yaktaur skeleton (Vaults:4)
  5 hellwings
  2 trolls (shapeshifter) (Vaults:4)
  5 meliai (D:15)
  35 merfolk
  10 trolls
  18 slime creatures
  A jumping spider (shapeshifter) (Vaults:1)
  12 hornets
  6 polar bears
  8 hippogriffs
  A meliai zombie (D:7)
  A dream sheep (shapeshifter) (Vaults:1)
  8 blink frogs
  5 wind drakes (Shoals:4)
  2 hippogriffs (shapeshifter)
  3 dream sheep (Lair:5)
  2 slime creatures (shapeshifter)
  8 snapping turtles
  A centaur simulacrum (D:15)
  6 air elementals
  Sigmund (D:3)
  3 ynoxinuls
  35 spriggans (Depths:2)
  3 shadows
  2 tarantellas (shapeshifter)
  7 wraiths
  3 wyverns
  45 yaks
  An orc simulacrum (Vaults:1)
  A hog (shapeshifter) (Vaults:1)
  A basilisk (D:15)
  11 fire elementals
  3 hogs (D:9)
  2 neqoxecs
  2 steam dragons
  13 water elementals
  3 humans
  10 golden eyes (WizLab)
  A chaos spawn (Depths:3)
  2 hungry ghosts
  A basilisk (shapeshifter) (D:14)
  7 vampire mosquitoes
  6 wargs
  5 soldier ants
  48 nagas
  A soldier ant (shapeshifter) (Vaults:4)
  An acid dragon (D:15)
  A hell hound (D:12)
  2 acid dragons (shapeshifter)
  17 water moccasins
  2 floating eyes (shapeshifter)
  6 porcupines
  A hornet zombie (D:13)
  A slave (D:8)
  An eye of draining (shapeshifter) (Elf:2)
  An eye of draining (D:15)
  46 orc warriors
  7 black bears
  4 ice beasts
  A phantom (D:8)
  A wolf (shapeshifter) (Vaults:5)
  43 ogres
  A centaur (shapeshifter) (Vaults:5)
  12 boggarts
  A necrophage (D:14)
  11 wolves
  12 centaurs
  10 crocodiles
  2 big kobolds
  5 earth elementals
  4 gnoll sergeants
  8 bullfrogs
  A wyvern zombie (D:7)
  A wyvern skeleton (D:7)
  5 scorpions
  11 killer bees
  5 howler monkeys
  6 wights
  2 human simulacra
  6 electric eels
  2 jellies
  11 crimson imps
  A bullfrog zombie (D:7)
  3 quasits
  6 hounds
  3 centaur skeletons
  30 orc priests
  2 iguanas
  29 orc wizards
  26 worker ants
  2 hound zombies
  12 gnolls
  15 adders
  8 shadow imps
  9 white imps
  4 ufetubi (IceCv)
  An adder zombie (D:5)
  6 dart slugs
  5 leopard geckos
  102 orcs
  18 bats
  8 giant cockroaches
  11 goblins
  6 hobgoblins
  A jackal (D:6)
  10 kobolds
  3 quokkas
  2 ball pythons
  4 frilled lizards
  A quokka skeleton (D:6)
  2 quokka zombies
  8 rats
  A crawling corpse (Vaults:5)
  2 demonic plants (WizLab)
  8 starspawn tentacles (WizLab)
  3 tentacles (Shoals:4)
2071 creatures vanquished.

Vanquished Creatures (collateral kills)
  An ancient lich (Vaults:5)
  Jory (Vaults:3)
  A golden dragon (Depths:5)
  A lich (Depths:1)
  A tentacled monstrosity (Vaults:1)
  A titan (Vaults:5)
  A quicksilver dragon (Depths:3)
  2 tentacled starspawn (WizLab)
  A nagaraja (Snake:4)
  A tengu reaver (Depths:1)
  A fire giant (Depths:1)
  A deep elf elementalist (Elf:3)
  A vault warden (Vaults:4)
  2 stone giants
  An ironheart preserver (Vaults:2)
  6 very ugly things
  3 spriggan defenders (Depths:2)
  A deep elf demonologist (Elf:3)
  A dire elephant (D:15)
  A deep elf annihilator (Elf:3)
  2 fire dragons (Depths:3)
  An ettin (Depths:1)
  A deep elf high priest (Elf:3)
  A merfolk impaler (Shoals:3)
  3 yaktaur captains
  An ice dragon (Lair:6)
  2 vault guards
  5 great orbs of eyes
  A hydra (Lair:5)
  2 rakshasas (Depths:1)
  4 ogre magi
  2 naga warriors
  A centaur warrior (Depths:3)
  5 two-headed ogres
  A spriggan air mage (Depths:5)
  6 dancing weapons
  A starcursed mass (WizLab)
  A deep troll shaman (Depths:3)
  7 death yaks
  An orc high priest (Orc:2)
  A spriggan berserker (Depths:3)
  2 naga sharpshooters
  2 deep elf knights (Elf:2)
  An iron troll (Depths:3)
  2 deep trolls (Depths:3)
  3 deep elf archers
  4 deep elf magi
  A lindwurm (Lair:4)
  A harpy (Shoals:2)
  2 ironbrand convokers
  A mana viper (Snake:3)
  2 orc knights (Orc:2)
  2 fauns
  5 ugly things
  A salamander (Snake:3)
  3 black mambas
  A guardian serpent (Snake:4)
  2 elephants
  A naga mage (Snake:4)
  A spiny frog (Lair:6)
  A rime drake (shapeshifter) (Vaults:2)
  2 yaktaurs
  2 komodo dragons (Lair:5)
  An ice devil (IceCv)
  2 tengu conjurers (Depths:2)
  A troll (Orc:1)
  6 merfolk
  6 hornets (Depths:2)
  2 slime creatures (D:15)
  3 blink frogs
  3 dream sheep (Lair:5)
  A hippogriff (Lair:2)
  2 water elementals
  12 yaks
  A wyvern (D:14)
  2 fire elementals (D:12)
  6 spriggans (Depths:2)
  A neqoxec (WizLab)
  Menkaure (D:4)
  A hungry ghost (D:8)
  A water moccasin (Lair:6)
  An acid dragon (D:15)
  2 nagas
  2 soldier ants (Lair:5)
  A porcupine (Lair:5)
  9 orc warriors
  An ice beast (D:6)
  A phantom (D:4)
  A centaur (Shoals:2)
  An ogre (Depths:1)
  A wolf (Lair:1)
  3 crocodiles (Lair:6)
  A wyvern zombie (D:7)
  A bullfrog (D:9)
  A bullfrog zombie (D:12)
  An orc priest (D:6)
  6 worker ants (Lair:5)
  An adder (D:9)
  9 orcs
  A crawling corpse (Vaults:5)
  2 starspawn tentacles (WizLab)
218 creatures vanquished.

Vanquished Creatures (others)
  A deep elf master archer (Elf:3)
  A stone giant (Depths:4)
  2 yaktaur captains
  A merfolk aquamancer (Shoals:4)
  A tengu warrior (Depths:1)
  2 deep elf archers
  An ironbrand convoker (Vaults:1)
  A deep elf mage (Elf:2)
  A cyclops (Vaults:1)
  A guardian serpent (Snake:4)
  A vault sentinel (Vaults:2)
  6 yaktaurs
  A hornet (Depths:2)
  An air elemental (Elf:1)
  A chaos spawn (Depths:3)
  A worker ant (D:12)
  2 white imps (IceCv)
  6 ufetubi (IceCv)
  9 demonic plants (WizLab)
  4 fungi
  7 plants
  14 starspawn tentacles (WizLab)
  7 tentacles (Shoals:4)
  A withered plant (D:7)
73 creatures vanquished.

Grand Total: 2362 creatures vanquished

Notes
Turn   | Place    | Note
-------+----------+-------------------------------------------
     0 | D:1      | Lennu the Demonspawn Fighter began the quest for the Orb.
     0 | D:1      | Reached XP level 1. HP: 18/18 MP: 1/1
   181 | D:1      | Gained mutation: You have sharp toenails. [demonic
                  | ancestry]
   181 | D:1      | Reached XP level 2. HP: 24/24 MP: 2/2
   195 | D:1      | Reached skill level 3 in Shields
   617 | D:1      | Reached XP level 3. HP: 29/29 MP: 3/3
  1251 | D:2      | Found a radiant altar of Vehumet.
  1253 | D:2      | Found a stormy altar of Qazlal.
  1263 | D:2      | Became a worshipper of Qazlal Stormbringer
  2026 | D:3      | Found a deep blue altar of Sif Muna.
  2026 | D:3      | Found a hide-covered altar of Uskayaw.
  2037 | D:3      | Gained mutation: You have razor-sharp toenails. [potion of
                  | mutation]
  2037 | D:3      | Gained mutation: You are dopey. (Int -2) [potion of
                  | mutation]
  2037 | D:3      | Gained mutation: You expend magic power (3 MP) to
                  | strengthen your wands. [potion of mutation]
  2162 | D:3      | Gained mutation: You are partially covered in sharp spines.
                  | [demonic ancestry]
  2162 | D:3      | Reached XP level 4. HP: 33/35 MP: 4/4
  2368 | D:3      | Noticed Sigmund
  2374 | D:3      | Killed Sigmund
  2374 | D:3      | Reached skill level 1 in Dodging
  2374 | D:3      | Reached skill level 1 in Invocations
  2374 | D:3      | Mutation became permanent: You have sharp toenails.
                  | [demonic ancestry]
  2374 | D:3      | Gained mutation: You have razor-sharp toenails. [demonic
                  | ancestry]
  2374 | D:3      | Reached XP level 5. HP: 33/41 MP: 4/6
  2406 | D:3      | Gained mutation: A weak demonic guardian rushes to your
                  | aid. [demonic ancestry]
  2406 | D:3      | Reached XP level 6. HP: 40/47 MP: 7/7
  2407 | D:3      | Reached * piety under Qazlal
  2791 | D:3      | Noticed an orc warrior
  2808 | D:3      | Killed an orc warrior
  3209 | D:4      | Gained mutation: You are partially covered in iridescent
                  | scales. (AC +2) [demonic ancestry]
  3209 | D:4      | Reached XP level 7. HP: 47/53 MP: 8/8
  3346 | D:4      | Noticed Menkaure
  3355 | D:4      | Killed Menkaure
  3355 | D:4      | Reached skill level 4 in Shields
  4020 | D:4      | Found a glowing golden altar of the Shining One.
  4118 | D:4      | Found a shadowy altar of Dithmenos.
  4196 | D:4      | Found a shimmering altar of Xom.
  4198 | D:4      | Found an iron altar of Okawaru.
  4198 | D:4      | Found a bloodstained altar of Trog.
  4200 | D:4      | Found a snail-covered altar of Cheibriados.
  4200 | D:4      | Found a hazy altar of Hepliaklqana.
  4200 | D:4      | Found a shadowy altar of Dithmenos.
  4277 | D:5      | Entered Level 5 of the Dungeon
  4327 | D:5      | Found an ancient bone altar of Kikubaaqudgha.
  4407 | D:5      | Found a bloodstained altar of Trog.
  4586 | D:5      | Found Fuuzyd's General Store.
  4775 | D:6      | Found a snail-covered altar of Cheibriados.
  4837 | D:6      | Reached ** piety under Qazlal
  4929 | D:6      | Reached XP level 8. HP: 46/60 MP: 10/10
  4957 | D:6      | Reached skill level 5 in Long Blades
  5033 | D:6      | Reached skill level 5 in Armour
  5298 | D:6      | Found a staircase to the Ecumenical Temple.
  5494 | D:6      | Found a sacrificial altar of Ru.
  5985 | D:7      | Found a shattered altar of Ashenzari.
  5994 | D:7      | Reached skill level 5 in Shields
  6223 | D:5      | Bought a +1 plate armour of fire resistance for 350 gold
                  | pieces
  6365 | D:7      | Found an iron altar of Okawaru.
  6492 | D:7      | Noticed Harold
  6522 | D:7      | Noticed a hellwing
  6526 | D:7      | Killed Harold
  6526 | D:7      | Reached skill level 5 in Fighting
  6526 | D:7      | Reached XP level 9. HP: 67/68 MP: 12/12
  6531 | D:7      | Noticed a hellwing
  6537 | D:7      | Killed a hellwing
  6537 | D:7      | Reached skill level 6 in Shields
  6537 | D:7      | Reached skill level 5 in Invocations
  6556 | D:7      | Killed a hellwing
  6556 | D:7      | Reached XP level 10. HP: 42/76 MP: 12/14
  7044 | D:7      | Found an opulent altar of Gozag.
  7204 | D:8      | Noticed Psyche
  7213 | D:8      | Killed Psyche
  7532 | D:8      | Found a staircase to the Lair.
  7597 | D:8      | Noticed Pikel
  7608 | D:8      | Killed Pikel
  7608 | D:8      | Reached skill level 7 in Shields
  7972 | D:9      | Reached *** piety under Qazlal
  8138 | D:9      | Got a pitted falchion
  8139 | D:9      | Identified the +8 falchion of Gluttony {freeze, Int+6
                  | Dex+7} (You found it on level 9 of the Dungeon)
  8543 | D:9      | Gained mutation: A demonic guardian rushes to your aid.
                  | [demonic ancestry]
  8543 | D:9      | Reached XP level 11. HP: 83/83 MP: 16/16
  8814 | D:10     | Entered Level 10 of the Dungeon
  9044 | D:10     | Reached **** piety under Qazlal
  9143 | D:10     | Reached skill level 8 in Shields
  9429 | D:10     | Reached skill level 5 in Dodging
  9728 | Lair:1   | Entered Level 1 of the Lair of Beasts
 10119 | Lair:1   | Reached ***** piety under Qazlal
 10138 | Lair:1   | Noticed an eight-headed hydra
 10151 | Lair:1   | Killed a 14-headed hydra
 10153 | Lair:1   | Reached skill level 9 in Shields
 10286 | Lair:1   | Reached skill level 10 in Long Blades
 10845 | Lair:2   | Lost mutation: You are dopey. (Int -2) [potion of mutation]
 10845 | Lair:2   | Lost mutation: You expend magic power (3 MP) to strengthen
                  | your wands. [potion of mutation]
 10845 | Lair:2   | Gained mutation: Your magical capacity is low. (-10% MP)
                  | [potion of mutation]
 10845 | Lair:2   | Gained mutation: You are dopey. (Int -2) [potion of
                  | mutation]
 10845 | Lair:2   | Gained mutation: You are resistant to hostile enchantments.
                  | (MR+) [potion of mutation]
 10875 | Lair:2   | Noticed Nergalle
 10887 | Lair:2   | Killed Nergalle
 10887 | Lair:2   | Reached XP level 12. HP: 91/91 MP: 16/16
 12106 | Lair:3   | Found a staircase to the Shoals.
 12397 | Lair:4   | Reached skill level 10 in Shields
 12415 | Lair:4   | Found a staircase to the Snake Pit.
 13021 | Lair:5   | Noticed an entropy weaver
 13030 | Lair:5   | Killed an entropy weaver
 13050 | Lair:5   | Noticed an entropy weaver
 13051 | Lair:5   | Noticed a five-headed hydra
 13063 | Lair:5   | Killed an entropy weaver
 13077 | Lair:5   | Killed a six-headed hydra
 13077 | Lair:5   | Gained mutation: You are mostly covered in sharp spines.
                  | [demonic ancestry]
 13077 | Lair:5   | Reached XP level 13. HP: 73/98 MP: 8/17
 13096 | Lair:5   | Reached skill level 11 in Shields
 13357 | Lair:5   | Reached ****** piety under Qazlal
 14029 | Lair:5   | You fall through a shaft!
 14029 | Lair:6   | Entered Level 6 of the Lair of Beasts
 14429 | Lair:6   | Found a staircase to the Slime Pits.
 14430 | Lair:6   | Found a viscous altar of Jiyva.
 14649 | Lair:6   | Noticed a dire elephant
 14669 | Lair:6   | Reached skill level 10 in Invocations
 14676 | Lair:6   | Killed a dire elephant
 14676 | Lair:6   | Reached skill level 12 in Shields
 15851 | D:11     | Gained mutation: You are mostly covered in iridescent
                  | scales. (AC +4) [demonic ancestry]
 15851 | D:11     | Reached XP level 14. HP: 106/106 MP: 19/19
 16160 | D:11     | Got a shimmering falchion
 16161 | D:11     | Identified the +7 falchion "Wueb" {protect, rF- rC+ Int+4}
                  | (You found it on level 11 of the Dungeon)
 16232 | D:11     | Found a staircase to the Orcish Mines.
 16679 | Orc:1    | Entered Level 1 of the Orcish Mines
 16781 | Orc:2    | Entered Level 2 of the Orcish Mines
 17102 | Orc:2    | Found a staircase to the Elven Halls.
 17156 | Orc:2    | Noticed Nessos
 17169 | Orc:2    | Killed Nessos
 17238 | Orc:1    | Found a roughly hewn altar of Beogh.
 18028 | Orc:1    | Noticed Jorgrun
 18035 | Orc:1    | Killed Jorgrun
 18043 | Orc:1    | Found a burning altar of Makhleb.
 18298 | Orc:2    | Noticed Snorg
 18312 | Orc:2    | Killed Snorg
 18312 | Orc:2    | Reached skill level 13 in Shields
 18677 | Orc:2    | Found Tefracw's Antique Weapon Emporium.
 18680 | Orc:2    | Found Zytif's Book Shoppe.
 18681 | Orc:2    | Found Ibiys's Distillery.
 18682 | Orc:2    | Found Pukloum's Antique Weapon Emporium.
 18694 | Orc:2    | Bought a runed demon blade for 612 gold pieces
 18930 | D:12     | Found a glowing silver altar of Zin.
 18934 | D:12     | Noticed Kirke
 18944 | D:12     | Killed Kirke
 19025 | D:12     | Found a basalt altar of Yredelemnul.
 19202 | D:12     | Noticed Azrael
 19237 | D:12     | HP: 5/109 [Azrael/damnation (35)]
 19240 | D:12     | Killed Azrael
 19888 | D:12     | Gained mutation: You are completely covered in sharp
                  | spines. [demonic ancestry]
 19888 | D:12     | Reached XP level 15. HP: 100/115 MP: 21/21
 20020 | D:13     | Noticed Urug
 20035 | D:13     | Killed Urug
 20198 | D:13     | Noticed Sonja
 20209 | D:13     | Killed Sonja
 20213 | D:13     | Identified the +1 chain mail of the Devil {MR+ Str-2 Int+4}
 20214 | D:13     | Found a runed translucent gate.
 20214 | D:13     | Found a runed translucent gate.
 20214 | D:13     | Found a runed translucent gate.
 20215 | D:13     | Noticed u8823's ghost (journeyman OpBe)
 20216 | D:13     | Found a roughly hewn altar of Beogh.
 20234 | D:13     | Killed u8823's ghost
 20234 | D:13     | Reached skill level 10 in Fighting
 20356 | D:13     | Found a gate to the Vaults.
 20809 | D:13     | Noticed Josephine
 20821 | D:13     | Killed Josephine
 21699 | D:15     | Entered Level 15 of the Dungeon
 21707 | D:15     | Reached skill level 10 in Armour
 22242 | D:15     | Reached skill level 14 in Shields
 22245 | D:15     | Noticed a sphinx
 22289 | D:15     | Killed a sphinx
 22323 | D:15     | Gained mutation: You have claws for feet. [demonic
                  | ancestry]
 22323 | D:15     | Reached XP level 16. HP: 63/124 MP: 8/22
 22537 | D:15     | Identified Coodghuh's Tome of the Destructive Traveller
 22790 | D:15     | Found a staircase to the Depths.
 23372 | Shoals:1 | Entered Level 1 of the Shoals
 23932 | Shoals:2 | Noticed Ilsuiw
 24345 | Shoals:2 | Killed Ilsuiw
 24954 | Shoals:3 | Found Haluhefo's Armour Boutique.
 26078 | Shoals:4 | Entered Level 4 of the Shoals
 26102 | Shoals:4 | Reached skill level 15 in Shields
 26149 | Shoals:4 | Noticed a kraken
 26415 | Shoals:4 | Killed a kraken
 26423 | Shoals:4 | Reached XP level 17. HP: 79/131 MP: 5/23
 26614 | Shoals:4 | Found a frozen archway.
 26625 | IceCv    | Entered an ice cave
 27093 | IceCv    | Got a pair of pitted gloves
 27109 | IceCv    | Identified the cursed +0 pair of gloves of the Stag {rC+
                  | Dex-2 Slay+3 Stlth+} (You found it in an ice cave)
 27147 | IceCv    | Noticed an Ice Fiend
 27148 | IceCv    | Noticed an Ice Fiend
 27196 | IceCv    | Killed an Ice Fiend
 27212 | IceCv    | Killed an Ice Fiend
 27755 | Shoals:4 | HP: 3/133 [merfolk aquamancer/ball of steam (25)]
 27853 | Shoals:4 | Identified the +1 spear of Wyfimish {drain, Dex+3}
 28199 | Shoals:4 | Got a barnacled rune of Zot
 28616 | Shoals:4 | Got a crude morningstar
 28617 | Shoals:4 | Identified the +10 morningstar of the Dwarven Hall {pain,
                  | Str+4 Stlth+} (You found it on level 4 of the Shoals)
 28936 | Snake:1  | Entered Level 1 of the Snake Pit
 29125 | Snake:1  | You fall through a shaft!
 30077 | Snake:2  | Noticed Roxanne
 30096 | Snake:2  | Killed Roxanne
 30096 | Snake:2  | Reached skill level 16 in Shields
 30116 | Snake:2  | Reached skill level 10 in Dodging
 30536 | Snake:2  | Found Sulaun Xeivu's Book Shoppe.
 30539 | Snake:2  | Found Ucliexyr's Jewellery Shoppe.
 30543 | Snake:2  | Found Mauptakk's Weapon Shoppe.
 30546 | Snake:2  | Found Cusa's Magic Scroll Shoppe.
 30557 | Snake:2  | Bought a scroll of acquirement for 988 gold pieces
 30564 | Snake:2  | Got a faintly glowing plate armour
 30565 | Snake:2  | Identified the +7 plate armour "Faerremn" {rF+} (You
                  | acquired it on level 2 of the Snake Pit)
 30587 | Snake:2  | Bought the ring "Qeucrov" {+Fly rPois Str+2 Stlth+} for 392
                  | gold pieces
 30608 | Snake:2  | Bought an uncursed ring of positive energy for 220 gold
                  | pieces
 31340 | Snake:3  | Gained mutation: Your flesh is heat resistant. (rF+)
                  | [demonic ancestry]
 31340 | Snake:3  | Reached XP level 18. HP: 137/140 MP: 22/25
 31467 | Snake:3  | Reached skill level 15 in Long Blades
 31897 | Snake:4  | Entered Level 4 of the Snake Pit
 32818 | Snake:4  | Reached skill level 17 in Shields
 33886 | Snake:4  | Got a serpentine rune of Zot
 34205 | Elf:1    | Entered Level 1 of the Elven Halls
 34208 | Elf:1    | Identified the +7 rapier of a Gauntlet {flame, -Tele rC+
                  | rN++ Str+2}
 34208 | Elf:1    | Noticed OmG's ghost (journeyman TeMo)
 34214 | Elf:1    | Found a transporter.
 34215 | Elf:1    | Found a bloodstained altar of Trog.
 34215 | Elf:1    | Identified the +1 longbow "Keippoim" {flame, Str+2}
 34216 | Elf:1    | Identified the +8 rapier of the Dragonfly {flame, rF+ Str+2
                  | SInv}
 34222 | Elf:1    | Found a transporter.
 34265 | Elf:1    | Gained mutation: A powerful demonic guardian rushes to your
                  | aid. [demonic ancestry]
 34265 | Elf:1    | Reached XP level 19. HP: 121/149 MP: 26/26
 34446 | Elf:1    | Identified the +7 whip of Tenacity {elec, rN+ Str+4 Int+2}
 34962 | Elf:1    | Lost mutation: You are resistant to hostile enchantments.
                  | (MR+) [potion of mutation]
 34962 | Elf:1    | Lost mutation: You are dopey. (Int -2) [potion of mutation]
 34962 | Elf:1    | Lost mutation: Your magical capacity is low. (-10% MP)
                  | [potion of mutation]
 34962 | Elf:1    | Gained mutation: Your magical capacity is low. (-10% MP)
                  | [potion of mutation]
 34962 | Elf:1    | Gained mutation: You possess an exceptional clarity of
                  | mind. [potion of mutation]
 34962 | Elf:1    | Gained mutation: You are robust. (+10% HP) [potion of
                  | mutation]
 35280 | Elf:1    | Found Biut's Weapon Shop.
 35402 | Elf:1    | Got a slimy copper amulet
 35408 | Elf:1    | Identified the amulet "Zasih" {Reflect Fragile Dex+6 SH+3}
                  | (You found it on level 1 of the Elven Halls)
 36036 | Elf:2    | Found Ykuzoik's Armour Emporium.
 36045 | Elf:2    | Bought a +1 helmet of see invisible for 297 gold pieces
 36322 | Elf:2    | Found a runed translucent gate.
 36322 | Elf:2    | Found a runed translucent gate.
 36324 | Elf:2    | Found a runed translucent gate.
 36433 | Elf:2    | Found Siaff's Book Emporium.
 36782 | Elf:2    | Reached skill level 18 in Shields
 36912 | Elf:3    | Entered Level 3 of the Elven Halls
 36956 | Elf:3    | Reached skill level 15 in Invocations
 37170 | Elf:3    | Found a deep blue altar of Sif Muna.
 37204 | Elf:3    | Gained mutation: You are immune to clouds of flame.
                  | [demonic ancestry]
 37204 | Elf:3    | Reached XP level 20. HP: 170/174 MP: 28/28
 37339 | Elf:3    | Found a portal to a secret trove of treasure.
 37819 | Elf:3    | Identified the cursed +3 dagger of Dim Light {venom, *Rage
                  | MR+++ Int+4}
 38085 | Elf:3    | Identified the +2 scythe of Destiny {holy, rPois Int+7
                  | Dex-5}
 38249 | Elf:3    | Identified the +5 flail "Kaduf" {pain, Str+4 Dex+5}
 38291 | Elf:3    | Identified Jaablu's Almanac of the Displaced Escort
 38327 | Elf:3    | Identified the +4 war axe of Pandemonium {freeze, rElec
                  | MP+9}
 38679 | Elf:1    | Killed OmG's ghost
 38990 | Vaults:1 | Entered Level 1 of the Vaults
 39202 | Vaults:1 | Found a magical portal.
 39236 | WizLab   | Entered Lehudib's Moon Base
 39307 | WizLab   | Reached skill level 15 in Fighting
 39348 | WizLab   | Reached XP level 21. HP: 166/184 MP: 25/29
 39607 | WizLab   | Reached skill level 19 in Shields
 40001 | WizLab   | Lost mutation: You are robust. (+10% HP) [a cacodemon]
 40009 | WizLab   | Gained mutation: You do not regenerate when monsters are
                  | visible. [a cacodemon]
 40102 | WizLab   | Lost mutation: Your magical capacity is low. (-10% MP)
                  | [potion of mutation]
 40102 | WizLab   | Lost mutation: You possess an exceptional clarity of mind.
                  | [potion of mutation]
 40102 | WizLab   | Lost mutation: You do not regenerate when monsters are
                  | visible. [potion of mutation]
 40102 | WizLab   | Gained mutation: Your mind is acute. (Int +2) [potion of
                  | mutation]
 40102 | WizLab   | Gained mutation: You have a pair of small antennae on your
                  | head. [potion of mutation]
 40102 | WizLab   | Gained mutation: Your mind is very acute. (Int +4) [potion
                  | of mutation]
 40102 | WizLab   | Gained mutation: You have a beak for a mouth. [potion of
                  | mutation]
 40103 | WizLab   | Lost mutation: Your mind is very acute. (Int +4) [potion of
                  | mutation]
 40103 | WizLab   | Lost mutation: You have a pair of small antennae on your
                  | head. [potion of mutation]
 40103 | WizLab   | Gained mutation: You are agile. (Dex +2) [potion of
                  | mutation]
 40103 | WizLab   | Gained mutation: Your system is resistant to poisons.
                  | (rPois) [potion of mutation]
 40103 | WizLab   | Gained mutation: Your muscles are strong. (Str +2) [potion
                  | of mutation]
 40128 | WizLab   | Found a transporter.
 40453 | WizLab   | Found a transporter.
 40600 | WizLab   | Gained mutation: You are frail. (-10% HP) [a cacodemon]
 40605 | WizLab   | Gained mutation: You are very frail. (-20% HP) [a
                  | cacodemon]
 40610 | WizLab   | Gained mutation: You are extremely frail. (-30% HP) [a
                  | cacodemon]
 40673 | WizLab   | Got a twitching bronze amulet
 40674 | WizLab   | Identified the Papyrus of Changing
 40682 | WizLab   | Identified the amulet of Vanity {Regen+ Str+2 Int-2 Dex+4
                  | Slay+3} (You found it in a wizard's laboratory)
 40729 | Vaults:1 | Noticed Asterion
 40736 | Vaults:1 | Killed Asterion
 40983 | Vaults:1 | Found Con Kul's Distillery.
 40995 | Vaults:1 | Bought 2 potions of mutation for 224 gold pieces
 40997 | Vaults:1 | Lost mutation: You are agile. (Dex +2) [potion of mutation]
 40997 | Vaults:1 | Lost mutation: Your muscles are strong. (Str +2) [potion of
                  | mutation]
 40997 | Vaults:1 | Lost mutation: You have a beak for a mouth. [potion of
                  | mutation]
 40997 | Vaults:1 | Gained mutation: Your body sometimes deteriorates upon
                  | taking damage. [potion of mutation]
 40997 | Vaults:1 | Gained mutation: You possess an exceptional clarity of
                  | mind. [potion of mutation]
 40998 | Vaults:1 | Lost mutation: You are extremely frail. (-30% HP) [potion
                  | of mutation]
 40998 | Vaults:1 | Lost mutation: You are very frail. (-20% HP) [potion of
                  | mutation]
 40998 | Vaults:1 | Gained mutation: You evolve. [potion of mutation]
 40998 | Vaults:1 | Lost mutation: You are frail. (-10% HP) [potion of
                  | mutation]
 41892 | Vaults:2 | Found the +3 giant club "Skullcrusher" {speed, Str+7}
 42048 | Vaults:2 | Got an aquamarine-encrusted leather armour
 42050 | Vaults:2 | Identified the +3 leather armour of Birdsong {Dex+3} (You
                  | found it on level 2 of the Vaults)
 42351 | Vaults:2 | Found a staircase to the Crypt.
 42599 | Vaults:2 | Reached XP level 22. HP: 178/178 MP: 34/34
 43127 | Vaults:2 | Gained mutation: You occasionally shout uncontrollably at
                  | your foes. [evolution]
 43259 | Vaults:3 | Noticed Bai Suzhen
 43280 | Vaults:3 | Killed Bai Suzhen
 43416 | Vaults:3 | Found Qatistreicu's Antique Weapon Shoppe.
 44037 | Vaults:3 | Noticed Jory
 44047 | Vaults:3 | Killed Jory
 44569 | Vaults:4 | Reached skill level 20 in Shields
 44810 | Vaults:4 | Found Cenell's Book Shop.
 44873 | Vaults:4 | Found a shadowy altar of Dithmenos.
 45451 | Vaults:5 | Entered Level 5 of the Vaults
 45728 | Depths:1 | Entered Level 1 of the Depths
 45774 | Depths:1 | Noticed Sojobo
 45794 | Depths:1 | Killed Sojobo
 46107 | Depths:1 | Reached XP level 23. HP: 167/186 MP: 10/35
 46109 | Depths:1 | Found a one-way gate leading to the halls of Pandemonium.
 46109 | Depths:1 | Found a one-way gate to the infinite horrors of the Abyss.
 46466 | Depths:1 | Found a gateway to Hell.
 46777 | Depths:1 | Found the ring of Robustness {AC+8}
 46940 | Hell     | Entered the Vestibule of Hell
 46940 | Hell     | Noticed Geryon
 47220 | Depths:2 | Identified the +2 faerie dragon scales {rPois rCorr Str+3}
 47220 | Depths:2 | Noticed the Enchantress
 47231 | Depths:2 | Killed the Enchantress
 48152 | Depths:2 | Found a bloodstained altar of Trog.
 48597 | Depths:3 | Found Ibeliat's Antique Weapon Shoppe.
 48620 | Depths:3 | Reached skill level 21 in Shields
 49578 | Depths:3 | Found a burning altar of Makhleb.
 49713 | Depths:3 | Found a burning altar of Makhleb.
 49714 | Depths:3 | Found the cursed +14 obsidian axe {chop, +Fly SInv *Curse}
 49719 | Depths:3 | Gained mutation: You can hurl damnation. [demonic ancestry]
 49719 | Depths:3 | Reached XP level 24. HP: 196/196 MP: 35/35
 49972 | Depths:3 | Found a gateway to a ziggurat.
 50010 | Depths:3 | Lost mutation: Your body sometimes deteriorates upon taking
                  | damage. [evolution]
 50010 | Depths:3 | Lost mutation: You evolve. [end of evolution]
 51129 | Depths:5 | Entered Level 5 of the Depths
 51155 | Depths:5 | Noticed Margery
 51156 | Depths:5 | Found Kathrayri's Distillery.
 51173 | Depths:5 | Killed Margery
 51236 | Depths:5 | Found Uneov's Distillery.
 51236 | Depths:5 | Found Gorurhin's Gadget Shoppe.
 51241 | Depths:5 | Bought a potion of heal wounds for 50 gold pieces
 51241 | Depths:5 | Bought a potion of heal wounds for 50 gold pieces
 51241 | Depths:5 | Found Dafizxez's Magic Scroll Emporium.
 51249 | Depths:5 | Bought a scroll of summoning for 180 gold pieces
 51253 | Depths:5 | Bought a potion of curing for 48 gold pieces
 51253 | Depths:5 | Bought a potion of curing for 48 gold pieces
 51253 | Depths:5 | Bought a potion of curing for 48 gold pieces
 51253 | Depths:5 | Bought a potion of curing for 48 gold pieces
 51400 | Depths:5 | Found a gate to the Realm of Zot.
 51502 | Depths:5 | Found a flickering gateway to a bazaar.
 51511 | Bazaar   | Entered a bazaar
 51511 | Bazaar   | Found Ymabbiur's Assorted Antiques.
 51511 | Bazaar   | Found Utetzuc's Antique Weapon Boutique.
 51511 | Bazaar   | Found Lasick's Food Shoppe.
 51511 | Bazaar   | Found Pyfihi Igick's Antique Weapon Shop.
 51513 | Bazaar   | Found Vieck's Gadget Shop.
 54006 | Elf:3    | You paid a toll of 17 potions of curing to enter a treasure
                  | trove
 54007 | Trove    | Entered a treasure trove
 54014 | Trove    | Got a bloodstained double sword
 54021 | Trove    | Got a smoking long sword
 54036 | Trove    | Identified the +4 double sword of Duluip {protect, *Corrode
                  | Str+5} (You found it in a treasure trove)
 54037 | Trove    | Identified the +7 long sword of the Fool {drain, MR+ Dex+3}
                  | (You found it in a treasure trove)
 55799 | Vaults:5 | Reached skill level 22 in Shields
 55825 | Vaults:5 | Noticed an ancient lich
 55831 | Vaults:5 | Gained mutation: You are completely covered in iridescent
                  | scales. (AC +6) [demonic ancestry]
 55831 | Vaults:5 | Reached XP level 25. HP: 75/205 MP: 26/36
 55853 | Vaults:5 | Reached skill level 15 in Armour
 55859 | Vaults:5 | Killed an ancient lich
 55876 | Vaults:5 | Identified the amulet of Uxkesizi {Regen+ Str+5 Stlth-}
 55941 | Vaults:5 | HP: 6/206 [yaktaur captain (16)]
 55947 | Vaults:5 | HP: 4/206 [titan (29)]
 55948 | Vaults:5 | Killed from afar by a titan

Skill      XL: |  1  2  3  4  5  6  7  8  9 10 11 12 13 14 15 16 17 18 19 20 21 22 23 24 25 |
---------------+----------------------------------------------------------------------------+-----
Shields        | 3 4 5 6 7 9 10 12 13 14 15 16 17 18 19 20 21 22 | 22.4
Long Blades    | 2 3 4 6 7 9 10 11 12 13 14 15 16 17 18 19 | 19.2
Armour         | 3 4 5 6 7 8 9 10 11 12 13 14 15 | 15.1
Dodging        | 1 2 3 4 5 6 7 8 9 10 11 12 13 14 | 14.1
Invocations    | 1 2 3 4 5 6 7 9 10 11 12 13 14 15 16 17 18 | 18.9
Fighting       | 4 5 6 7 8 9 10 11 12 13 14 15 16 17 18 | 18.7

Action                   |  1- 3 |  4- 6 |  7- 9 | 10-12 | 13-15 | 16-18 | 19-21 | 22-24 | 25-27 || total
-------------------------+-------+-------+-------+-------+-------+-------+-------+-------+-------++-------
Melee: Long sword        |   126 |    77 |   196 |   118 |       |       |       |       |       ||   517
       Kick              |    27 |    16 |    74 |   241 |   496 |   409 |   587 |   830 |    55 ||  2735
       Falchion          |       |       |       |   409 |   626 |       |       |       |       ||  1035
       Demon blade       |       |       |       |       |   431 |  1113 |  1265 |  1493 |    76 ||  4378
       Peck              |       |       |       |       |       |       |    52 |       |       ||    52
Invok: Upheaval          |       |       |     2 |     3 |    28 |    28 |    12 |    27 |     4 ||   104
       Elemental Force   |       |       |       |     1 |     1 |     1 |       |     1 |       ||     4
       Disaster Area     |       |       |       |       |     4 |     6 |     1 |     2 |     1 ||    14
 Abil: Evoke Flight      |       |       |       |       |     1 |     1 |     1 |       |       ||     3
  Use: Scroll            |     8 |     1 |     3 |    11 |    15 |    14 |     7 |    12 |       ||    71
       Potion            |     5 |     5 |     3 |     2 |     3 |    11 |     6 |     5 |     7 ||    47
 Stab: Distracted        |       |       |     2 |     2 |     8 |     5 |     4 |     9 |       ||    30
       Invisible         |       |       |       |       |       |     7 |       |       |       ||     7
       Confused          |       |       |       |       |       |       |     1 |     1 |       ||     2
  Eat: Chunk             |     4 |     4 |     4 |    13 |    18 |    10 |    16 |    24 |       ||    93
       Ration            |       |       |     2 |     3 |     3 |     9 |     3 |     6 |       ||    26
Armor: Scale mail        |    70 |    30 |     2 |       |       |       |       |       |       ||   102
       Chain mail        |       |       |    38 |       |   105 |   146 |       |       |       ||   289
       Plate armour      |       |       |    46 |   192 |    59 |   135 |   145 |     6 |       ||   583
       Ring mail         |       |       |       |       |     8 |       |       |       |       ||     8
       Storm dragon scal |       |       |       |       |       |       |       |   206 |    13 ||   219
Dodge: Dodged            |    31 |    13 |    58 |    83 |   155 |   271 |   139 |   291 |    23 ||  1064
       Deflected         |       |       |       |       |    11 |    64 |    25 |    15 |       ||   115
Block: Shield            |    66 |    51 |   156 |   460 |   870 |  1151 |   817 |  1259 |    75 ||  4905
       Reflection        |       |       |       |       |       |       |   102 |    77 |     4 ||   183
       Rpst.: Long sword |    10 |     3 |    18 |     9 |       |       |       |       |       ||    40
       Falchion          |       |       |       |    10 |    17 |       |       |       |       ||    27
       Demon blade       |       |       |       |       |    17 |    43 |    20 |    50 |     5 ||   135
